 Dungeon Crawl Stone Soup version 0.20.1-1-g8b1a95d (webtiles) character file.

706419 Blomdor the Conqueror (level 27, -1/249 HPs)
             Began as a Barachi Venom Mage on Sept 22, 2017.
             Was the Champion of Cheibriados.
             Slain by an Executioner (7 damage)
             ... led by Dagu
             ... on level 3 of the Realm of Zot on Sept 23, 2017.
             The game lasted 03:29:10 (62799 turns).

Blomdor the Conqueror (Barachi Venom Mage)         Turns: 62799, Time: 03:29:10

Health: -1/249     AC: 50    Str: 47      XL:     27
Magic:  30/30      EV: 28    Int: 38      God:    Cheibriados [******]
Gold:   2408       SH: 40    Dex: 26 (27) Spells: 29/30 levels left

rFire    + + .     SeeInvis .   b - +9 broad axe (chop)
rCold    + + .     Gourm    .   O - +8 large shield
rNeg     + + +     Faith    .   x - +8 orange crystal plate armour {Archmagi, Int+3 Clar}
rPois    +         Spirit   .   t - -2 hat of the Alchemist {rElec rPois rF+ rC+ rN+ MR+ rMut rCorr}
rElec    +         Reflect  .   y - +2 cloak {+Inv}
rCorr    +         Harm     .   A - +2 pair of gloves
rMut     +         Clarity  +   q - +2 pair of boots {Fly}
MR       ++++.                  H - amulet of regeneration
Stlth    ..........             D - ring "Rytaet" {rN+ Str+7 Int+2}
Regen    1.0/turn               F - ring "Oppoull" {rF+ rC+ rN+ Str+4 Dex-2} (curse)
MPRegen  0.3/turn

@: flying, very slow
A: +LOS, swims, iridescent scales 1, camouflage 1, deterioration 2, low mp 1,
magic resistance 1, electricity resistance, slowness 1, strong 1, subdued magic
2, strong legs 2
0: Orb of Zot
}: 4/15 runes: barnacled, silver, abyssal, gossamer
a: Hop, Bend Time, Temporal Distortion, Slouch, Step From Time, Renounce
Religion, Evoke Invisibility, Stop Flying


You were on level 3 of the Realm of Zot.
You worshipped Cheibriados.
Cheibriados was exalted by your worship.
You were full.

You visited 11 branches of the dungeon, and saw 53 of its levels.
You visited the Abyss 2 times.
You visited 1 bazaar.
You also visited: Volcano.

You collected 7136 gold pieces.
You spent 4728 gold pieces at shops.

Inventory:

Hand Weapons
 b - a +9 broad axe of chopping (weapon)
 u - a +5 vampiric broad axe
Missiles
 e - 6 throwing nets (quivered)
Armour
 q - a +2 pair of boots of flying (worn)
 t - the -2 hat of the Alchemist (worn) {rElec rPois rF+ rC+ rN+ MR+ rMut rCorr}
   (You found it on level 5 of the Vaults)

   It protects you from fire.
   It protects you from cold.
   It insulates you from electricity.
   It protects you from poison.
   It protects you from negative energy.
   It affects your resistance to hostile enchantments.
   It protects you from acid and corrosion.
   It protects you from mutation.
 x - the +8 orange crystal plate armour (worn) {Archmagi, Int+3 Clar}
   (You bought it in a shop on level 9 of the Dungeon)

   It affects your intelligence (+3).
   It protects you against confusion.
 y - a +2 cloak of invisibility (worn)
 A - a +2 pair of gloves (worn)
 O - a +8 large shield (worn)
Jewellery
 l - a +5 ring of slaying
 n - an uncursed ring of resist corrosion
 s - the ring of the Mage {Wiz MR++ Int+3}
   (You bought it in a shop on level 2 of the Orcish Mines)

   [ring of wizardry]

   It improves your spell success rate.
   It affects your intelligence (+3).
   It affects your resistance to hostile enchantments.
 D - the ring "Rytaet" (left hand) {rN+ Str+7 Int+2}
   (You took it off a frost giant on level 5 of the Vaults)

   [ring of positive energy]

   It affects your strength (+7).
   It affects your intelligence (+2).
   It protects you from negative energy.
 F - the cursed ring "Oppoull" (right hand) {rF+ rC+ rN+ Str+4 Dex-2}
   (You took it off a vault sentinel on level 5 of the Vaults)

   [ring of dexterity]

   It affects your strength (+4).
   It affects your dexterity (-2).
   It protects you from fire.
   It protects you from cold.
   It protects you from negative energy.
   It has a curse placed upon it.
 H - an amulet of regeneration (around neck)
Wands
 N - a wand of digging (18/24)
Scrolls
 d - 5 scrolls of fear
 i - 10 scrolls of magic mapping
 j - 20 scrolls of teleportation
 o - 4 scrolls of immolation
 r - 7 scrolls of fog
 R - 15 scrolls of remove curse
 S - 12 scrolls of identify
 T - 2 scrolls of recharging
 W - a scroll of holy word
 Y - 8 scrolls of blinking
Potions
 a - 3 potions of ambrosia
 h - 19 potions of curing
 k - a potion of magic
 m - 11 potions of lignification
 w - 5 potions of agility
 I - 3 potions of heal wounds
 L - 2 potions of invisibility
 M - 5 potions of mutation
 U - 7 potions of resistance
 V - 5 potions of might
 X - 4 potions of cancellation
Miscellaneous
 f - 4 phantom mirrors
 p - 5 boxes of beasts
 E - a sack of spiders
Comestibles
 c - 51 bread rations
 g - 18 meat rations
 z - 24 royal jellies


   Skills:
 O Level 27 Fighting
 - Level 19.0 Axes
 + Level 24.7 Armour
 + Level 21.4 Dodging
 - Level 1.7 Stealth
 + Level 26.0 Shields
 - Level 2.1 Spellcasting
 - Level 1.1 Conjurations
 - Level 3.2 Poison Magic
 - Level 12.0 Invocations
 - Level 14.0 Evocations


You had 29 spell levels left.
You knew the following spells:

 Your Spells              Type           Power        Failure   Level  Hunger
a - Sting                 Conj/Pois      ###.         3%          1    None


Dungeon Overview and Level Annotations

Branches:
Dungeon (15/15)            Temple (1/1) D:7            Lair (6/6) D:9
 Shoals (4/4) Lair:3       Spider (4/4) Lair:4        Slime (0/5) Lair:5
    Orc (2/2) D:11            Elf (3/3) Orc:2        Vaults (5/5) D:14
  Crypt (3/3) Vaults:2       Tomb (0/3) Crypt:3      Depths (5/5) D:15
    Zot (5/5) Depths:5

Altars:
Cheibriados
Dithmenos
Elyvilon
Fedhas
Gozag
Hepliaklqana
Kikubaaqudgha
Makhleb
Nemelex Xobeh
Okawaru
Qazlal
Ru
Trog
Uskayaw
Vehumet
Xom
Yredelemnul
Zin
Beogh
Jiyva

Shops:
D:6 (   D:8 (   D:9 [   D:15 !   Orc:1 !   Orc:2 =**!*   Elf:3 :   Shoals:3 *
Vaults:3 }

Portals:
Hell: Depths:1 Depths:2 Depths:3 Depths:4 Depths:5
Abyss: Depths:1 Depths:4
Pandemonium: Depths:1 Depths:3 Depths:5
Ziggurat: Depths:1

Annotations:
Lair:5 exclusion: 4 oklob plants


Innate Abilities, Weirdness & Mutations

Shadows flee at your approach. (+LOS)
You can swim through water.
You cover ground slowly.
You can hop longer distances.
You are partially covered in iridescent scales. (AC +2)
Your skin changes colour to match your surroundings (Stealth+).
Your body often deteriorates upon taking damage.
Your magical capacity is low. (-10% MP)
You are resistant to hostile enchantments. (MR+)
You are resistant to electric shocks. (rElec)
Your muscles are strong. (Str +2)
Your spells are easier to cast, but less powerful.


Message History

Press: ? - help, Dir - move target cursor
Okay, then.
You fail to use your ability.
You block the Executioner's attack. x3
The Executioner completely misses you.
The Executioner hits you but does no damage.
The Executioner completely misses you. x2; You block the Executioner's attack.
The Executioner closely misses you. Dagu completely misses you.
The moth of wrath bites you but does no damage.
You hear some strange, mumbled words.
A bolt of cold appears from out of thin air!
The bolt of cold misses you.
You fail to use your ability.
You block the Executioner's attack. x2
The Executioner misses you. You block the Executioner's attack.
The Executioner closely misses you. You block the Executioner's attack.
Dagu hits you!
* * * LOW HITPOINT WARNING * * *
Space bends around you.
* * * LOW HITPOINT WARNING * * *
The Executioner hits you!
You die...

,,,,,,,,.......** #.##..#..
,,,,,,,,.......* #.# #.....
,,,,,,,,.?.....* #.# #.....
,,,,,,,,.......#* #.# ##.....
,,,,,,,,........## ##.# #......
,,,,,,,,.........###.# ##.....#
,,,,,,,,.........##.## ##..#....
,,,,,,,,.........{.######...##...
,,,,,,,,.......y@&2........###...
,,,,,,,,.........1........(# #...
,,,,,,,,...................# ##..
,,,,,,,,...##.............## #..
*,,,,,,,#.,*##............# ##.
****,,,**,** #...........## *.
******** ############# **


You could see Dagu, an Executioner, a blizzard demon and a moth of wrath.

Vanquished Creatures
  3 orbs of fire (Zot:5)
  5 ancient liches
  Mennas (Vaults:2)
  Mara (Vaults:2)
  A juggernaut (Depths:5)
  Sojobo (Depths:3)
  A greater mummy (Crypt:1)
  Frederick (Depths:3)
  Bai Suzhen (Vaults:2)
  Margery (Depths:3)
  Xtahua (Depths:3)
  Saint Roka (Depths:4)
  A Killer Klown (Zot:5)
  9 golden dragons
  Jory (Crypt:2)
  the Enchantress (Depths:4)
  3 bone dragons
  Arachne (Spider:3)
  2 electric golems (Zot:5)
  Jorgrun (Shoals:2)
  4 tentacled monstrosities
  22 Orb Guardians (Zot:5)
  4 titans
  8 liches
  Asterion (Depths:1)
  A deep elf master archer (Elf:3)
  2 quicksilver dragons
  3 deep elf blademasters
  Polyphemus (Shoals:2)
  5 death cobs
  Frances (Shoals:2)
  8 ancient champions
  An Executioner (Abyss:4)
  3 sphinxes
  Gastronok (Orc:1)
  Kirke (Shoals:1)
  6 shadow dragons
  8 tengu reavers
  2 draconian monks
  3 storm dragons
  6 revenants
  13 vault wardens
  Ilsuiw (Shoals:4)
  Donald (Shoals:1)
  11 deep elf sorcerers
  14 frost giants
  2 iron dragons
  3 cacodemons (Abyss:4)
  10 fire giants
  3 draconian knights
  2 ghost moths
  10 ghouls
  4 draconian shifters (Zot:1)
  Aizul (Shoals:3)
  A draconian scorcher (Zot:1)
  2 angels
  4 emperor scorpions
  2 reapers
  A draconian stormcaller (Depths:5)
  3 curse skulls
  5 spriggan defenders
  A draconian annihilator (Depths:5)
  3 entropy weavers
  3 deep elf elementalists
  17 very ugly things
  2 war gargoyles (Vaults:5)
  22 ironheart preservers
  7 caustic shrike skeletons
  20 stone giants
  4 green draconians
  9 vampire knights
  3 purple draconians (Zot:1)
  11 deep elf demonologists
  8 deep elf annihilators
  4 black draconians
  A white draconian (Zot:1)
  2 lorocyprocas
  4 red draconians
  Azrael (Elf:1)
  6 yellow draconians
  10 spark wasps
  7 merfolk javelineers
  20 ettins
  4 eidola
  Snorg (Lair:6)
  9 merfolk impalers
  7 deep elf high priests
  13 jiangshi
  28 yaktaur captains
  14 fire dragons
  A quicksilver dragon zombie (Crypt:2)
  13 deep elf death magi
  6 rakshasas
  10 great orbs of eyes
  32 vault guards
  A monstrous demonspawn (Depths:3)
  Fannar (Lair:1)
  3 quicksilver dragon skeletons (Crypt:3)
  12 hydras
  A hell beast (Depths:5)
  4 ice dragons
  8 spriggan air magi
  A catoblepas (Shoals:2)
  7 merfolk avatars
  63 two-headed ogres
  17 ogre magi
  4 merfolk aquamancers
  11 centaur warriors
  An alligator snapping turtle (Shoals:4)
  4 death knights
  8 death scarabs (Spider:4)
  13 deep troll shamans
  8 tengu warriors
  8 deep troll earth magi
  A hell hog (Depths:3)
  6 death yaks
  4 satyrs
  12 spriggan berserkers
  A thrashing horror (Crypt:3)
  33 dancing weapons
  10 vampire magi
  2 soul eaters
  10 hell knights
  5 orc high priests
  A sun demon (Depths:2)
  4 iron trolls
  4 shadow wraiths
  22 deep elf knights
  A spectral emperor scorpion (Spider:4)
  61 skeletal warriors
  2 wretched stars (Abyss:4)
  3 titan skeletons
  2 salamander mystics (Depths:5)
  A sea snake (shapeshifter) (Vaults:5)
  16 sea snakes
  An anaconda zombie (Crypt:1)
  8 flayed ghosts
  3 unseen horrors
  23 deep trolls
  2 sixfirhies (Depths:5)
  7 spriggan druids (Depths:4)
  32 large abominations
  A golden dragon skeleton (Crypt:3)
  9 wizards
  2 infernal demonspawn
  8 glowing orange brains
  12 phantasmal warriors
  20 ironbrand convokers
  9 necromancers
  A lindwurm (Volcano)
  2 shadow dragon zombies (Crypt:1)
  2 wolf spider zombies (D:14)
  4 spectral wolf spiders (Spider:4)
  A harpy (shapeshifter) (Depths:2)
  26 deep elf archers
  2 mana vipers (shapeshifter)
  A stone giant zombie (Crypt:1)
  19 orc knights
  10 harpies
  32 ugly things
  78 deep elf magi
  15 cyclopes
  5 orc sorcerers
  31 fauns
  16 manticores
  A shining eye (shapeshifter) (Vaults:5)
  26 orb spiders
  32 wolf spiders
  2 shining eyes (Abyss:4)
  17 moths of wrath
  7 salamanders (Depths:5)
  A faun (shapeshifter) (Vaults:3)
  2 salamanders (shapeshifter)
  2 cyclopes (shapeshifter)
  24 elephants
  15 vault sentinels
  A shadow dragon skeleton (Crypt:3)
  3 black mambas
  A shock serpent zombie (Crypt:1)
  A water nymph (shapeshifter) (Vaults:5)
  7 water nymphs
  A rust devil (Zot:4)
  3 torpor snails
  14 merfolk sirens
  A spiny frog (shapeshifter) (Vaults:1)
  A molten gargoyle (Volcano)
  A white draconian zombie (Crypt:2)
  3 gargoyles
  A kobold demonologist (D:13)
  12 spiny frogs
  3 spectral redbacks (Spider:4)
  7 rime drakes
  A komodo dragon (shapeshifter) (Depths:5)
  72 yaktaurs
  A catoblepas zombie (Crypt:1)
  An efreet (D:14)
  7 freezing wraiths
  A redback zombie (Spider:4)
  14 demonic crawlers
  11 komodo dragons
  A yaktaur (shapeshifter) (Elf:2)
  4 hellwings
  A red devil (Depths:5)
  A catoblepas skeleton (Crypt:3)
  3 guardian mummies (Crypt:1)
  11 tengu conjurers
  3 ice devils
  A jumping spider (shapeshifter) (Elf:2)
  3 polar bears (Lair:6)
  3 raiju (Abyss:4)
  11 trolls
  3 spectral jumping spiders (Spider:4)
  A wind drake (shapeshifter) (Vaults:4)
  28 merfolk
  11 wind drakes
  A tengu simulacrum (Vaults:3)
  33 jumping spiders
  A raiju (shapeshifter) (Vaults:1)
  7 snapping turtles
  45 slime creatures
  A tarantella zombie (Spider:4)
  A jumping spider zombie (Spider:4)
  2 spectral tarantellas (Spider:4)
  A blink frog (shapeshifter) (Vaults:4)
  A stone giant simulacrum (Vaults:2)
  A minotaur skeleton (Crypt:3)
  2 ettin zombies (Crypt:1)
  30 hornets
  2 meliai zombies
  4 bog bodies
  16 dream sheep
  17 hippogriffs
  A human simulacrum (Vaults:3)
  An ice dragon zombie (Crypt:1)
  A hippogriff (shapeshifter) (D:15)
  A black mamba zombie (Crypt:1)
  2 starcursed masses
  7 air elementals
  A spriggan (shapeshifter) (Depths:1)
  16 flying skulls
  A tarantella (shapeshifter) (Vaults:5)
  2 fire dragon skeletons
  86 redbacks
  33 tarantellas
  10 wyverns
  8 wraiths
  72 yaks
  2 ettin skeletons (Crypt:3)
  42 spriggans
  26 water elementals
  2 shadows
  2 ice dragon skeletons (Crypt:3)
  A wind drake zombie (Crypt:3)
  7 fire elementals
  21 humans
  A yak (shapeshifter) (Depths:2)
  A hog (shapeshifter) (Vaults:2)
  15 fire bats (Volcano)
  4 golden eyes
  5 basilisks
  2 basilisks (shapeshifter)
  9 hogs
  A steam dragon (D:13)
  3 chaos spawn
  A yaktaur simulacrum (Vaults:1)
  A wind drake skeleton (Crypt:2)
  A harpy simulacrum (D:14)
  A neqoxec (Abyss:4)
  A gelid demonspawn zombie (Crypt:1)
  12 wargs
  An infernal demonspawn zombie (Crypt:3)
  A soldier ant (D:14)
  An acid dragon (D:12)
  A deep troll zombie (Crypt:2)
  14 hell hounds
  A floating eye (Abyss:4)
  A merfolk skeleton (Crypt:3)
  19 water moccasins
  41 orc warriors
  9 porcupines
  A spiny frog skeleton (Crypt:3)
  2 hornet zombies (Spider:4)
  An eye of draining (D:10)
  3 ice beasts
  3 black bears
  5 phantoms
  5 necrophages
  A sky beast (D:13)
  30 boggarts
  11 wolves
  40 ogres
  A snapping turtle skeleton (Crypt:3)
  2 swamp dragon skeletons (Crypt:3)
  A hog zombie (Crypt:3)
  A manticore skeleton (Crypt:1)
  7 centaurs
  The ghost of mole0619 the Skirmisher, an amateur KoAM (D:3)
  An octopode zombie (Crypt:3)
  11 crocodiles
  An elephant skeleton (Crypt:3)
  15 small abominations
  3 big kobolds
  26 bullfrogs
  4 earth elementals
  A komodo dragon skeleton (Crypt:3)
  2 wyvern zombies
  A wyvern skeleton (Crypt:1)
  14 killer bees
  A polar bear zombie (Crypt:2)
  A warg skeleton (Crypt:1)
  A troll zombie (Crypt:1)
  8 wights
  4 electric eels (D:12)
  3 howler monkeys (D:9)
  7 lava snakes (Volcano)
  6 crimson imps
  A bullfrog zombie (D:11)
  7 centaur zombies
  A quasit (D:10)
  6 centaur skeletons
  6 hounds
  12 jellies
  48 orc wizards
  A black bear zombie (Crypt:2)
  3 bullfrog skeletons
  34 orc priests
  An iron imp (Depths:5)
  5 hell rats (Lair:6)
  A human skeleton (Crypt:3)
  5 iguanas
  9 worker ants
  A hound zombie (D:6)
  A hound skeleton (D:5)
  3 mummies (Crypt:1)
  A worker ant zombie (D:10)
  12 gnolls
  12 adders
  3 river rats (Lair:6)
  A swamp drake zombie (Crypt:2)
  3 shadow imps
  A white imp (Depths:5)
  An ufetubus (Depths:5)
  3 oozes
  A worm zombie (Crypt:1)
  An adder skeleton (D:8)
  2 worms
  6 leopard geckos
  126 orcs
  A ball python (D:2)
  8 giant cockroaches
  5 goblins
  5 hobgoblins
  7 jackals
  5 quokkas
  10 bats
  2 frilled lizards
  A goblin skeleton (Crypt:1)
  30 kobolds
  A leopard gecko skeleton (D:5)
  An orc skeleton (Crypt:3)
  A quokka skeleton (Crypt:1)
  2 quokka zombies (D:6)
  14 rats
  8 crawling corpses
  A fungus (Lair:6)
  A macabre mass (Abyss:4)
  25 plants
  2 starspawn tentacles (Abyss:4)
2994 creatures vanquished.

Vanquished Creatures (collateral kills)
  A tentacled starspawn (Abyss:4)
  An apocalypse crab (Abyss:4)
  A starcursed mass (Abyss:4)
3 creatures vanquished.

Vanquished Creatures (others)
  A stone giant (Depths:5)
  A spriggan air mage (Depths:5)
  A glowing orange brain (Abyss:4)
  An orb spider (Spider:1)
  A wolf spider (Spider:1)
  3 deep elf magi (Elf:1)
  A hornet (Spider:2)
  A jumping spider (Spider:3)
  A redback (Spider:1)
  2 air elementals (Depths:5)
  A tarantella (Spider:3)
  A small abomination (Abyss:4)
  2 boggarts
  An ogre (Vaults:4)
  3 orcs
  2 bushes (Depths:4)
  18 fungi
  68 plants
  5 starspawn tentacles (Abyss:4)
  26 withered plants (Crypt:3)
140 creatures vanquished.

Grand Total: 3137 creatures vanquished

Notes
Turn   | Place    | Note
-------+----------+-------------------------------------------
     0 | D:1      | Blomdor the Barachi Venom Mage began the quest for the Orb.
     0 | D:1      | Reached XP level 1. HP: 13/13 MP: 3/3
   294 | D:1      | Reached skill level 1 in Fighting
   424 | D:1      | Reached XP level 2. HP: 4/22 MP: 0/5
   701 | D:1      | Reached skill level 2 in Fighting
   945 | D:1      | Reached skill level 3 in Fighting
   993 | D:1      | Reached XP level 3. HP: 13/29 MP: 2/6
  2208 | D:2      | Reached skill level 1 in Armour
  2208 | D:2      | Reached XP level 4. HP: 23/37 MP: 2/7
  2429 | D:2      | Gained mutation: You passively map a small area around you. [potion of mutation]
  2429 | D:2      | Gained mutation: You are agile. (Dex +2) [potion of mutation]
  2429 | D:2      | Gained mutation: You are very agile. (Dex +4) [potion of mutation]
  2430 | D:2      | Reached skill level 1 in Axes
  2434 | D:2      | Reached skill level 4 in Fighting
  2705 | D:3      | Reached XP level 5. HP: 36/42 MP: 8/8
  3205 | D:3      | Noticed mole0619's ghost (amateur KoAM)
  3225 | D:3      | Killed mole0619's ghost
  3225 | D:3      | Reached skill level 5 in Fighting
  3225 | D:3      | Reached XP level 6. HP: 42/51 MP: 9/9
  3239 | D:3      | Found a basalt altar of Yredelemnul.
  3405 | D:3      | Found a faded altar of an unknown god.
  3755 | D:4      | Noticed a phantom
  3784 | D:4      | Killed a phantom
  3784 | D:4      | Reached skill level 5 in Axes
  4018 | D:4      | Found a blossoming altar of Fedhas.
  4606 | D:5      | Entered Level 5 of the Dungeon
  4695 | D:5      | Reached XP level 7. HP: 21/56 MP: 10/10
  4847 | D:5      | Found a sacrificial altar of Ru.
  5080 | D:5      | Found a shimmering altar of Xom.
  5080 | D:5      | Found an ancient bone altar of Kikubaaqudgha.
  5184 | D:5      | Found a runed door.
  5532 | D:5      | Found a roughly hewn altar of Beogh.
  5616 | D:5      | Found a glowing silver altar of Zin.
  5621 | D:5      | Reached XP level 8. HP: 58/62 MP: 11/11
  5718 | D:5      | Got a fabulously ornate robe
  5719 | D:5      | Identified the +1 robe of Kototaun {-Cast +Blink rN+ Str+2} (You found it on level 5 of the Dungeon)
  5767 | D:6      | Found a hazy altar of Hepliaklqana.
  5829 | D:6      | Found Intab's Weapon Boutique.
  6366 | D:7      | Found a staircase to the Ecumenical Temple.
  6372 | Temple   | Entered the Ecumenical Temple
  6458 | Temple   | Became a worshipper of Cheibriados the Contemplative
  6774 | D:7      | Found a blossoming altar of Fedhas.
  7353 | D:7      | Found a sparkling altar of Nemelex Xobeh.
  7392 | D:7      | Found a burning altar of Makhleb.
  7392 | D:7      | Found an iron altar of Okawaru.
  7521 | D:7      | Noticed a hippogriff
  7537 | D:7      | Killed a hippogriff
  7537 | D:7      | Reached * piety under Cheibriados
  8034 | D:8      | Found Pataic's Antique Weapon Shoppe.
  8157 | D:8      | Reached skill level 6 in Fighting
  8205 | D:8      | Reached XP level 9. HP: 57/69 MP: 12/12
  8699 | D:8      | Reached skill level 10 in Axes
  9490 | D:9      | Noticed a two-headed ogre
  9522 | D:9      | Noticed a hornet
  9532 | D:8      | Killed a hornet
  9532 | D:8      | Reached skill level 7 in Fighting
  9748 | D:9      | Found Hetig's Armour Shop.
  9768 | D:9      | Reached ** piety under Cheibriados
  9945 | D:9      | Bought a +1 pair of boots of flying for 181 gold pieces
  9945 | D:9      | Bought a +2 cloak for 181 gold pieces
  9965 | D:9      | Bought a +0 pair of gloves for 49 gold pieces
  9994 | D:9      | Got a jewelled ring mail
  9999 | D:9      | Reached skill level 5 in Armour
 10052 | D:9      | Identified the +1 ring mail of Eppiog {rPois} (You found it on level 9 of the Dungeon)
 10076 | D:9      | Noticed a hornet
 10086 | D:9      | Killed a hornet
 10161 | D:9      | Reached XP level 10. HP: 80/80 MP: 13/13
 10192 | D:9      | Killed a two-headed ogre
 10192 | D:9      | Reached skill level 8 in Fighting
 10312 | D:9      | Noticed a two-headed ogre
 10323 | D:9      | Killed a two-headed ogre
 10365 | D:9      | Found a staircase to the Lair.
 10484 | Lair:1   | Entered Level 1 of the Lair of Beasts
 10680 | Lair:1   | Noticed a four-headed hydra
 10681 | Lair:1   | Noticed a spiny frog
 11085 | D:10     | Entered Level 10 of the Dungeon
 11095 | D:10     | Reached *** piety under Cheibriados
 11557 | D:10     | Reached skill level 9 in Fighting
 11756 | D:10     | Reached XP level 11. HP: 83/89 MP: 14/14
 11764 | D:10     | Reached **** piety under Cheibriados
 12288 | D:9      | Bought a +0 shield for 49 gold pieces
 12678 | D:10     | Reached ***** piety under Cheibriados
 12678 | D:10     | Reached skill level 1 in Shields
 12770 | D:11     | Noticed a white ugly thing
 12793 | D:11     | Killed a white ugly thing
 13017 | D:11     | Noticed a brown ugly thing
 13030 | D:11     | Killed a brown ugly thing
 13030 | D:11     | Reached skill level 10 in Fighting
 13082 | D:11     | Found a staircase to the Orcish Mines.
 13160 | D:11     | Noticed a two-headed ogre
 13168 | D:11     | Killed a two-headed ogre
 13176 | D:11     | Noticed a cyclops
 13190 | D:11     | Killed a cyclops
 13366 | D:11     | Noticed a red ugly thing
 13382 | D:11     | Killed a red ugly thing
 13708 | Orc:1    | Entered Level 1 of the Orcish Mines
 13718 | Orc:1    | Found Ogheyw's Distillery.
 13763 | Orc:1    | Found a dark tunnel.
 13786 | Volcano  | Entered a volcano
 13813 | Volcano  | Reached XP level 12. HP: 87/98 MP: 15/15
 14244 | Volcano  | Found a radiant altar of Vehumet.
 14249 | Volcano  | Reached ****** piety under Cheibriados
 14283 | Volcano  | Reached skill level 10 in Armour
 14506 | Volcano  | Noticed a fire dragon
 14659 | Volcano  | Killed a fire dragon
 14732 | Volcano  | Reached skill level 5 in Shields
 14771 | Orc:1    | Noticed Gastronok
 14772 | Orc:1    | Noticed a two-headed ogre
 14773 | Orc:1    | Noticed an ogre mage
 14773 | Orc:1    | Noticed a two-headed ogre
 14773 | Orc:1    | Noticed a two-headed ogre
 14775 | Orc:1    | Noticed a two-headed ogre
 14800 | D:11     | Noticed an eight-headed hydra
 14809 | D:11     | Killed a four-headed hydra
 14809 | D:11     | Reached skill level 11 in Fighting
 15006 | D:11     | Reached skill level 15 in Axes
 15246 | Orc:1    | Killed Gastronok
 15274 | Orc:1    | Noticed a two-headed ogre
 15282 | Orc:1    | Killed a two-headed ogre
 15307 | Orc:1    | Killed a two-headed ogre
 15318 | Orc:1    | Killed a two-headed ogre
 15320 | Orc:1    | Killed a two-headed ogre
 15334 | Orc:1    | HP: 4/100 [two-headed ogre/giant club (12)]
 15340 | Orc:1    | Killed a two-headed ogre
 15340 | Orc:1    | Gained mutation: You can hop longer distances. [Barachi growth]
 15340 | Orc:1    | Reached XP level 13. HP: 24/106 MP: 16/16
 15885 | Orc:1    | Bought a potion of heal wounds for 80 gold pieces
 16181 | Lair:1   | Noticed Fannar
 16234 | Lair:1   | Killed Fannar
 16310 | Lair:1   | Reached skill level 12 in Fighting
 17777 | Lair:3   | Found a staircase to the Shoals.
 18206 | Lair:4   | Reached XP level 14. HP: 66/116 MP: 17/17
 18483 | Lair:4   | Found a hole to the Spider Nest.
 18795 | Lair:4   | Reached skill level 13 in Fighting
 19312 | Lair:5   | Found a runed door.
 19316 | Lair:5   | Found a viscous altar of Jiyva.
 19317 | Lair:5   | Found a staircase to the Slime Pits.
 20658 | Lair:6   | Entered Level 6 of the Lair of Beasts
 20805 | Lair:6   | Noticed Snorg
 20828 | Lair:6   | Killed Snorg
 21819 | Lair:6   | Reached XP level 15. HP: 61/125 MP: 18/18
 21838 | Lair:6   | Reached skill level 10 in Shields
 22225 | Lair:6   | Reached skill level 14 in Fighting
 22641 | Lair:6   | Reached skill level 1 in Invocations
 23576 | Orc:2    | Entered Level 2 of the Orcish Mines
 23622 | Orc:2    | Found Wubribal's Jewellery Shop.
 23653 | Orc:2    | Bought the ring of the Mage {Wiz MR++ Int+3} for 672 gold pieces
 24075 | Orc:2    | Found a staircase to the Elven Halls.
 24656 | Orc:2    | Found Ypie's Assorted Antiques.
 24656 | Orc:2    | Found Jolul's General Store.
 24656 | Orc:2    | Found Deicon's Distillery.
 24660 | Orc:2    | Found Irylas's General Store.
 24675 | Orc:2    | Bought a potion of curing for 36 gold pieces
 24675 | Orc:2    | Bought a potion of curing for 36 gold pieces
 24675 | Orc:2    | Bought a potion of curing for 36 gold pieces
 24675 | Orc:2    | Bought a potion of lignification for 36 gold pieces
 24675 | Orc:2    | Bought a potion of curing for 36 gold pieces
 24675 | Orc:2    | Bought a potion of agility for 48 gold pieces
 24675 | Orc:2    | Bought a potion of curing for 36 gold pieces
 24677 | Orc:2    | Bought a potion of curing for 102 gold pieces
 24677 | Orc:2    | Bought a scroll of blinking for 255 gold pieces
 24678 | Orc:2    | Bought a scroll of teleportation for 36 gold pieces
 26712 | D:13     | Found an ancient bone altar of Kikubaaqudgha.
 26739 | D:13     | Reached skill level 15 in Fighting
 27021 | D:13     | Reached XP level 16. HP: 109/136 MP: 19/19
 27051 | D:13     | Reached skill level 5 in Invocations
 27100 | D:13     | Reached skill level 5 in Dodging
 27570 | D:14     | Got a polished chain mail
 27572 | D:14     | Identified the cursed +0 chain mail of Foerots {rF+ rC+ Int+2 Dex+2 Stlth-} (You found it on level 14 of the Dungeon)
 28046 | D:14     | Found a gate to the Vaults.
 28436 | D:14     | Got a slimy plate armour
 28437 | D:14     | Identified the +2 plate armour "Pilis" {MP+9 Int+4 SInv} (You found it on level 14 of the Dungeon)
 28454 | D:15     | Entered Level 15 of the Dungeon
 28455 | D:15     | Found a sparkling altar of Nemelex Xobeh.
 28458 | D:15     | Identified a scroll of acquirement
 28571 | D:15     | Found a staircase to the Depths.
 28600 | D:15     | Reached skill level 16 in Fighting
 28676 | D:15     | Found Aheoqose's Distillery.
 28676 | D:15     | Noticed Sonja
 28677 | D:15     | Noticed Sonja
 28677 | D:15     | Sonja changed into Sonja the hippogriff
 28683 | D:15     | Killed Sonja the hippogriff
 28845 | D:15     | Bought a potion of curing for 48 gold pieces
 28845 | D:15     | Bought a potion of curing for 48 gold pieces
 28845 | D:15     | Bought a potion of resistance for 160 gold pieces
 28845 | D:15     | Bought a potion of might for 64 gold pieces
 28845 | D:15     | Bought a potion of agility for 64 gold pieces
 28845 | D:15     | Bought a potion of invisibility for 128 gold pieces
 29548 | Shoals:1 | Entered Level 1 of the Shoals
 29700 | Shoals:1 | Reached XP level 17. HP: 144/144 MP: 22/22
 29729 | Shoals:1 | Noticed Kirke
 29757 | Shoals:1 | Killed Kirke
 29861 | Shoals:1 | Noticed Donald
 29877 | Shoals:1 | Killed Donald
 30988 | Shoals:2 | Noticed Polyphemus
 31012 | Shoals:2 | Killed Polyphemus
 31145 | Shoals:2 | Noticed Jorgrun
 31155 | Shoals:2 | Killed Jorgrun
 31244 | Shoals:2 | Noticed Frances
 31260 | Shoals:2 | Killed Frances
 31454 | Shoals:3 | Reached skill level 17 in Fighting
 31577 | Shoals:3 | Noticed Aizul
 31597 | Shoals:3 | Killed Aizul
 31683 | Shoals:3 | Found Reacluwn's Assorted Antiques.
 31702 | Shoals:3 | Bought a potion of curing for 117 gold pieces
 31876 | Shoals:3 | Reached skill level 10 in Dodging
 32194 | Shoals:3 | Reached XP level 18. HP: 154/155 MP: 24/24
 32831 | Spider:1 | Entered Level 1 of the Spider Nest
 34096 | Spider:2 | Reached skill level 10 in Invocations
 35111 | Spider:3 | Noticed Arachne
 35124 | Spider:3 | Killed Arachne
 35157 | Spider:3 | Found a transporter.
 35248 | Spider:3 | Found a transporter.
 35282 | Spider:3 | Paralysed by the power of Zot for 5 turns
 35283 | Spider:3 | Cast into level 4 of the Abyss (the power of Zot)
 35311 | Abyss:4  | Reached skill level 18 in Fighting
 35314 | Spider:3 | Escaped the Abyss
 35347 | Spider:3 | Identified the Compendium of Dusty Ignition
 35357 | Spider:3 | Got a coiled bone ring
 35374 | Spider:3 | Got a steaming bronze ring
 35377 | Spider:3 | Identified the ring "Ukkac" {Ice Slay+2} (You found it on level 3 of the Spider Nest)
 35378 | Spider:3 | Identified the cursed ring "Sioxe" {rElec AC-3 Str+4 Slay-3} (You found it on level 3 of the Spider Nest)
 35828 | Spider:4 | Entered Level 4 of the Spider Nest
 35973 | Spider:4 | Reached skill level 15 in Shields
 35985 | Spider:4 | Reached XP level 19. HP: 163/163 MP: 27/27
 36316 | Spider:4 | Reached skill level 15 in Armour
 37317 | Spider:4 | Got a gossamer rune of Zot
 37610 | Shoals:4 | Entered Level 4 of the Shoals
 37696 | Shoals:4 | Found a flickering gateway to a bazaar.
 37735 | Bazaar   | Entered a bazaar
 37739 | Bazaar   | Found Isad Bifra's Weapon Boutique.
 37757 | Bazaar   | Found Eharer's Gadget Emporium.
 37774 | Bazaar   | Found Nechidgho's Assorted Antiques.
 37791 | Bazaar   | Found Iqarchom's Book Shoppe.
 37843 | Bazaar   | Bought a scroll of enchant weapon for 157 gold pieces
 37843 | Bazaar   | Bought a scroll of identify for 42 gold pieces
 37843 | Bazaar   | Bought a scroll of identify for 42 gold pieces
 37858 | Bazaar   | Bought a sack of spiders for 200 gold pieces
 37858 | Bazaar   | Bought a box of beasts for 200 gold pieces
 38197 | Shoals:4 | Got a barnacled rune of Zot
 38221 | Shoals:4 | Reached skill level 19 in Fighting
 38466 | Shoals:4 | Noticed Ilsuiw
 38505 | Shoals:4 | Killed Ilsuiw
 38720 | Shoals:4 | Reached XP level 20. HP: 174/174 MP: 29/29
 39072 | Elf:1    | Entered Level 1 of the Elven Halls
 39084 | Elf:1    | Noticed Azrael
 39099 | Elf:1    | Killed Azrael
 40596 | Elf:2    | Found a runed gate.
 40596 | Elf:2    | Found a runed gate.
 40596 | Elf:2    | Found a runed gate.
 40749 | Elf:2    | Lost mutation: You passively map a small area around you. [potion of mutation]
 40749 | Elf:2    | Lost mutation: You are very agile. (Dex +4) [potion of mutation]
 40749 | Elf:2    | Lost mutation: You are agile. (Dex +2) [potion of mutation]
 40749 | Elf:2    | Gained mutation: You have sharp toenails. [potion of mutation]
 40749 | Elf:2    | Gained mutation: Scrolls take you a little longer to read. [potion of mutation]
 40749 | Elf:2    | Gained mutation: Your body sometimes deteriorates upon taking damage. [potion of mutation]
 40749 | Elf:2    | Gained mutation: You are partially covered in molten scales. (AC +2) [potion of mutation]
 40750 | Elf:2    | Lost mutation: Scrolls take you a little longer to read. [potion of mutation]
 40750 | Elf:2    | Lost mutation: You have sharp toenails. [potion of mutation]
 40750 | Elf:2    | Lost mutation: Your body sometimes deteriorates upon taking damage. [potion of mutation]
 40750 | Elf:2    | Gained mutation: You are agile. (Dex +2) [potion of mutation]
 40750 | Elf:2    | Gained mutation: You have a pair of small horns on your head. [potion of mutation]
 40751 | Elf:2    | Lost mutation: You have a pair of small horns on your head. [potion of mutation]
 40751 | Elf:2    | Lost mutation: You are partially covered in molten scales. (AC +2) [potion of mutation]
 40751 | Elf:2    | Gained mutation: You are very agile. (Dex +4) [potion of mutation]
 40751 | Elf:2    | Gained mutation: Your mind is acute. (Int +2) [potion of mutation]
 40751 | Elf:2    | Lost mutation: You are very agile. (Dex +4) [potion of mutation]
 40751 | Elf:2    | Gained mutation: Your skin changes colour to match your surroundings (Stealth+). [potion of mutation]
 40752 | Elf:2    | Lost mutation: You are agile. (Dex +2) [potion of mutation]
 40752 | Elf:2    | Lost mutation: Your mind is acute. (Int +2) [potion of mutation]
 40752 | Elf:2    | Gained mutation: You are partially covered in iridescent scales. (AC +2) [potion of mutation]
 40752 | Elf:2    | Gained mutation: Your movements are slightly less encumbered by armour. (ER -2) [potion of mutation]
 40752 | Elf:2    | Gained mutation: You are resistant to electric shocks. (rElec) [potion of mutation]
 41122 | Elf:3    | Entered Level 3 of the Elven Halls
 41555 | Elf:3    | Found Petify's Book Shoppe.
 41697 | Elf:3    | Reached skill level 20 in Fighting
 41697 | Elf:3    | Reached XP level 21. HP: 156/183 MP: 30/30
 42297 | Elf:3    | Got a slimy bone amulet
 42314 | Elf:3    | Got a ring of the Octopus King
 42332 | Elf:3    | Got a steaming lajatang {freeze}
 42409 | Elf:3    | Identified the +2 lajatang "Vociyni" {freeze, rPois rN+ Dex+2} (You took it off a deep elf annihilator on level 3 of the Elven Halls)
 42849 | Elf:3    | Identified a ring of the Octopus King {rC+ AC+1 EV+1 Str+1 Int+1 Dex+1} (You took it off a deep elf demonologist on level 3 of the Elven Halls)
 42853 | Elf:3    | Identified the amulet of Ilixed {Faith *Drain Dex+3 SInv Stlth+} (You took it off a deep elf high priest on level 3 of the Elven Halls)
 43121 | Vaults:1 | Entered Level 1 of the Vaults
 44336 | Vaults:2 | Noticed Mara
 44337 | Vaults:2 | Noticed Blomdor's illusion
 44351 | Vaults:2 | Reached XP level 22. HP: 182/192 MP: 31/31
 44396 | Vaults:2 | Found a staircase to the Crypt.
 44536 | Crypt:1  | Entered Level 1 of the Crypt
 44949 | Crypt:1  | Noticed a greater mummy
 44964 | Crypt:1  | Killed a greater mummy
 45192 | Crypt:1  | Paralysed by something for 6 turns
 45422 | Crypt:1  | Reached skill level 21 in Fighting
 45669 | Crypt:2  | Reached skill level 15 in Dodging
 45806 | Crypt:2  | Noticed Jory
 45832 | Crypt:2  | Killed Jory
 46313 | Crypt:3  | Entered Level 3 of the Crypt
 46388 | Crypt:3  | Paralysed by a vampire knight for 4 turns
 46395 | Crypt:3  | Paralysed by something for 7 turns
 46411 | Crypt:2  | Paralysed by something for 2 turns
 46696 | Crypt:3  | Paralysed by a vampire knight for 2 turns
 46913 | Crypt:3  | Reached XP level 23. HP: 193/201 MP: 32/32
 46915 | Crypt:3  | Found an ancient bone altar of Kikubaaqudgha.
 46949 | Crypt:3  | Noticed an ancient lich
 46968 | Crypt:3  | Killed an ancient lich
 46995 | Crypt:3  | Identified the Almanac of the Venomous Snowflakes
 47095 | Crypt:3  | Cast into level 4 of the Abyss (a lich)
 47146 | Abyss:4  | Gained mutation: You are clumsy. (Dex -2) [a cacodemon]
 47147 | Abyss:4  | Gained mutation: You are very clumsy. (Dex -4) [a cacodemon]
 47158 | Abyss:4  | Gained mutation: Scrolls take you a little longer to read. [a cacodemon]
 47163 | Abyss:4  | Gained mutation: Armour fits poorly on your strangely shaped body. [a cacodemon]
 47164 | Abyss:4  | Gained mutation: You are dopey. (Int -2) [a cacodemon]
 47165 | Abyss:4  | Gained mutation: Your magical capacity is low. (-10% MP) [a cacodemon]
 47169 | Abyss:4  | Reached skill level 22 in Fighting
 47169 | Abyss:4  | Gained mutation: You expend magic power (3 MP) to strengthen your wands. [a neqoxec]
 47184 | Abyss:4  | Gained mutation: Your spells are a little easier to cast, but a little less powerful. [a cacodemon]
 47209 | Abyss:4  | Paralysed by a floating eye for 3 turns
 47258 | Abyss:4  | Gained mutation: You are very dopey. (Int -4) [a shining eye]
 47281 | Abyss:4  | Gained mutation: Your body sometimes deteriorates upon taking damage. [a cacodemon]
 47356 | Abyss:4  | Got an abyssal rune of Zot
 47378 | Abyss:4  | Lost mutation: You are very dopey. (Int -4) [potion of mutation]
 47378 | Abyss:4  | Lost mutation: You are dopey. (Int -2) [potion of mutation]
 47378 | Abyss:4  | Lost mutation: Your body sometimes deteriorates upon taking damage. [potion of mutation]
 47378 | Abyss:4  | Lost mutation: Your movements are slightly less encumbered by armour. (ER -2) [potion of mutation]
 47378 | Abyss:4  | Lost mutation: Scrolls take you a little longer to read. [potion of mutation]
 47378 | Abyss:4  | Gained mutation: Your muscles are strong. (Str +2) [potion of mutation]
 47456 | Crypt:3  | Escaped the Abyss
 47963 | Crypt:3  | Paralysed by something for 6 turns
 48545 | Crypt:3  | Found a staircase to the Tomb.
 48769 | Crypt:2  | Reached skill level 23 in Fighting
 48775 | Crypt:2  | Reached XP level 24. HP: 182/214 MP: 28/28
 48785 | Crypt:2  | Noticed an ancient lich
 48798 | Crypt:2  | Killed an ancient lich
 49083 | Vaults:2 | Noticed Blomdor's illusion
 49275 | Vaults:2 | Noticed Blomdor's illusion
 49375 | Vaults:2 | Noticed Blomdor's illusion
 49422 | Vaults:2 | Noticed Blomdor's illusion
 49427 | Vaults:2 | Killed Mara
 49647 | Vaults:2 | Noticed Mennas
 49650 | Vaults:2 | Noticed Bai Suzhen
 49665 | Vaults:2 | Killed Bai Suzhen
 49677 | Vaults:2 | Killed Mennas
 50261 | Vaults:2 | Paralysed by a hornet for 1 turns
 50648 | Vaults:3 | Reached skill level 24 in Fighting
 50814 | Vaults:3 | Found Zocitaf's Gadget Emporium.
 51176 | Vaults:3 | Reached XP level 25. HP: 224/224 MP: 28/28
 52689 | Vaults:4 | Reached skill level 25 in Fighting
 52804 | Vaults:5 | Entered Level 5 of the Vaults
 52881 | Vaults:5 | Reached XP level 26. HP: 233/236 MP: 28/28
 53263 | Vaults:5 | Got a wavering turquoise ring
 53296 | Vaults:5 | Reached skill level 26 in Fighting
 53391 | Vaults:5 | Got a heavily runed lapis lazuli ring
 53607 | Vaults:5 | Got a flickering silver ring
 53609 | Vaults:5 | Got a glittering iron ring
 53735 | Vaults:5 | Identified the ring of Wurren {Fire Str+4} (You took it off an ironbrand convoker on level 5 of the Vaults)
 53737 | Vaults:5 | Identified the cursed ring "Oppoull" {rF+ rC+ rN+ Str+4 Dex-2} (You took it off a vault sentinel on level 5 of the Vaults)
 53741 | Vaults:5 | Identified the ring of Xom's Flight of Fancy {rPois Stlth+} (You took it off an orc on level 5 of the Vaults)
 53743 | Vaults:5 | Identified the ring "Rytaet" {rN+ Str+7 Int+2} (You took it off a frost giant on level 5 of the Vaults)
 53819 | Vaults:5 | Identified Zong's Reference Book on Aid and Unholy Secrets
 53847 | Vaults:5 | Lost mutation: You expend magic power (3 MP) to strengthen your wands. [potion of mutation]
 53847 | Vaults:5 | Lost mutation: You are very clumsy. (Dex -4) [potion of mutation]
 53847 | Vaults:5 | Lost mutation: Armour fits poorly on your strangely shaped body. [potion of mutation]
 53847 | Vaults:5 | Lost mutation: You are clumsy. (Dex -2) [potion of mutation]
 53847 | Vaults:5 | Gained mutation: Your body sometimes deteriorates upon taking damage. [potion of mutation]
 53847 | Vaults:5 | Gained mutation: You are resistant to hostile enchantments. (MR+) [potion of mutation]
 53940 | Vaults:5 | Got a faintly humming crystal plate armour
 53941 | Vaults:5 | Identified the +10 crystal plate armour of the Duchess {rN+ MR- SInv Stlth+} (You took it off an orc on level 5 of the Vaults)
 54235 | D:9      | Bought the +8 orange crystal plate armour {Archmagi, Int+3 Clar} for 1589 gold pieces
 54606 | Vaults:5 | Got a heavily runed tin ring
 54772 | Vaults:5 | Got a silver rune of Zot
 55242 | Depths:1 | Entered Level 1 of the Depths
 55242 | Depths:1 | Found a one-way gate to the infinite horrors of the Abyss.
 55290 | Depths:1 | Found a gateway to Hell.
 55308 | Depths:1 | Noticed Asterion
 55324 | Depths:1 | Gained mutation: Your body often deteriorates upon taking damage. [a cacodemon]
 55326 | Depths:1 | Killed Asterion
 55795 | Depths:1 | Found a one-way gate leading to the halls of Pandemonium.
 55801 | Depths:1 | Reached XP level 27. HP: 247/247 MP: 28/28
 55978 | Depths:1 | Found a gateway to a ziggurat.
 56217 | Depths:1 | Found a runed door.
 56386 | Depths:1 | Got a heavily runed scarf
 56387 | Depths:1 | Identified the scarf "Duneet" {Int+2 Dex+5} (You acquired it on level 1 of the Depths)
 56389 | Depths:1 | Identified the ring of Salvation {Ice +Inv rN+} (You took it off a deep elf annihilator on level 5 of the Vaults)
 56736 | Depths:2 | Reached skill level 27 in Fighting
 57141 | Depths:2 | Reached skill level 1 in Evocations
 57509 | Depths:3 | Noticed Margery
 57528 | Depths:3 | Killed Margery
 57760 | Depths:3 | Noticed Sojobo
 57763 | Depths:3 | Reached skill level 5 in Evocations
 57786 | Depths:3 | Killed Sojobo
 57946 | Depths:3 | Noticed Frederick
 57959 | Depths:3 | Killed Frederick
 58041 | Depths:3 | Noticed Xtahua
 58055 | Depths:3 | Killed Xtahua
 58735 | Depths:4 | Found a bloodstained altar of Trog.
 58887 | Depths:4 | Noticed Saint Roka
 58919 | Depths:4 | Killed Saint Roka
 58919 | Depths:4 | Reached skill level 10 in Evocations
 58983 | Depths:4 | Got a polished giant club {drain}
 58983 | Depths:4 | Got a steaming giant club {pain}
 58984 | Depths:4 | Identified the +8 giant club "Fedau" {drain, +Blink} (You took it off an ettin on level 4 of the Depths)
 58986 | Depths:4 | Identified the +5 giant club "Heinuch" {pain, *Corrode rElec rN+} (You took it off an ettin on level 4 of the Depths)
 59425 | Depths:4 | Noticed the Enchantress
 59434 | Depths:4 | Killed the Enchantress
 59448 | Depths:4 | Got faerie dragon scales
 59449 | Depths:4 | Identified the +0 faerie dragon scales {rN+ rCorr Dex+4} (You took it off the Enchantress on level 4 of the Depths)
 60151 | Depths:5 | Entered Level 5 of the Depths
 60183 | Depths:5 | Noticed a juggernaut
 60202 | Depths:5 | Killed a juggernaut
 60562 | Depths:5 | Found a gate to the Realm of Zot.
 61470 | Zot:1    | Entered Level 1 of the Realm of Zot
 62000 | Zot:5    | Entered Level 5 of the Realm of Zot
 62139 | Zot:5    | Noticed an ancient lich
 62143 | Zot:5    | Killed an ancient lich
 62309 | Zot:5    | Noticed an orb of fire
 62313 | Zot:5    | Noticed an orb of fire
 62324 | Zot:5    | Killed an orb of fire
 62328 | Zot:5    | Killed an orb of fire
 62344 | Zot:5    | Noticed an ancient lich
 62350 | Zot:5    | Killed an ancient lich
 62352 | Zot:5    | Noticed an orb of fire
 62359 | Zot:5    | Gained mutation: Your spells are easier to cast, but less powerful. [an orb of fire]
 62362 | Zot:5    | Killed an orb of fire
 62620 | Zot:5    | Got the Orb of Zot
 62626 | Zot:5    | Noticed an ancient lich
 62626 | Zot:5    | Noticed an orb of fire
 62628 | Zot:5    | Noticed an ancient lich
 62667 | Zot:5    | Killed an ancient lich
 62716 | Zot:4    | Noticed Gacujois the pandemonium lord
 62779 | Zot:3    | Noticed Dagu the pandemonium lord
 62799 | Zot:3    | HP: 8/249 [Dagu the pandemonium lord (9)]
 62799 | Zot:3    | Slain by an Executioner

Skill      XL: |  1  2  3  4  5  6  7  8  9 10 11 12 13 14 15 16 17 18 19 20 21 22 23 24 25 26 27 |
---------------+----------------------------------------------------------------------------------+-----
Fighting       | 1 3 4 5 6 7 9 10 11 12 13 15 16 17 18 19 20 21 23 24 25 26 27 | 27.0
Armour         | 1 3 5 7 9 11 12 13 14 15 17 18 19 20 21 22 24 | 24.7
Axes           | 2 4 5 8 9 11 13 14 15 16 17 18 19 | 19.0
Dodging        | 3 4 7 10 11 13 14 15 16 17 18 19 21 | 21.4
Shields        | 3 6 8 9 11 12 14 15 16 17 18 19 20 21 26 | 26.0
Invocations    | 4 7 9 10 12 | 12.0
Evocations     | 14 | 14.0
Stealth        | |  1.7
Spellcasting   | |  2.1
Conjurations   | |  1.1
Poison Magic   | |  3.2

Action                   |  1- 3 |  4- 6 |  7- 9 | 10-12 | 13-15 | 16-18 | 19-21 | 22-24 | 25-27 || total
-------------------------+-------+-------+-------+-------+-------+-------+-------+-------+-------++-------
Melee: Short sword       |   145 |       |       |       |       |       |       |       |       ||   145
       Unarmed           |     6 |       |       |       |       |       |       |       |       ||     6
       Hand axe          |       |   224 |   440 |   676 |  1459 |       |       |       |       ||  2799
       Morningstar       |       |       |       |     7 |    57 |       |       |       |       ||    64
       Glaive            |       |       |       |     4 |     4 |       |       |       |       ||     8
       Broad axe         |       |       |       |       |   338 |  1352 |  1637 |  1803 |  3174 ||  8304
 Cast: Sting             |    30 |       |       |       |       |       |    33 |       |       ||    63
Invok: Bend Time         |       |       |       |       |     2 |       |     1 |       |       ||     3
       Slouch            |       |       |       |       |       |     9 |     4 |       |     2 ||    15
       Step From Time    |       |       |       |       |       |       |     1 |       |     1 ||     2
 Abil: Hop               |     3 |     1 |     5 |    11 |     3 |     1 |     3 |     2 |     7 ||    36
       Stop Flying       |       |       |       |     1 |       |       |       |       |     1 ||     2
       Evoke Flight      |       |       |       |       |       |       |       |       |     2 ||     2
Evoke: Wand              |       |     1 |     5 |     4 |     2 |     8 |     5 |       |     2 ||    27
  Use: Scroll            |     7 |     4 |     9 |    10 |     6 |    17 |    13 |     6 |    35 ||   107
       Potion            |     2 |     1 |     6 |     4 |     3 |     1 |     5 |    10 |     8 ||    40
 Stab: Sleeping          |     3 |       |       |       |       |       |       |     1 |       ||     4
       Distracted        |       |       |       |       |     1 |       |       |     1 |     6 ||     8
       Invisible         |       |       |       |       |       |     7 |       |       |       ||     7
       Paralysed         |       |       |       |       |       |     2 |     3 |       |       ||     5
  Eat: Chunk             |     5 |     9 |    14 |     8 |    26 |    18 |    20 |     5 |    29 ||   134
       Fruit             |       |       |     1 |       |       |     5 |       |    19 |       ||    25
       Meat ration       |       |       |       |       |       |       |       |       |     1 ||     1
       Royal jelly       |       |       |       |       |       |       |       |       |     1 ||     1
Armor: Robe              |    49 |     9 |       |       |       |       |       |       |       ||    58
       Skin              |    14 |       |     3 |       |       |       |       |     7 |   158 ||   182
       Scale mail        |       |   111 |   182 |       |       |       |       |       |       ||   293
       Chain mail        |       |       |    62 |     8 |       |       |       |       |       ||    70
       Plate armour      |       |       |       |   457 |   848 |   676 |   584 |   695 |   212 ||  3472
       Ring mail         |       |       |       |    32 |       |       |       |       |       ||    32
       Crystal plate arm |       |       |       |       |       |       |       |       |   484 ||   484
Dodge: Dodged            |   127 |   103 |   202 |   349 |   653 |   734 |   864 |  1098 |  1503 ||  5633
Block: Shield            |       |       |       |       |  1081 |  1283 |  1279 |  1350 |  1131 ||  6124
       Large shield      |       |       |       |       |       |       |       |       |  2693 ||  2693
